EL
PENSACOLA BLUE WAHOOS @ MOBILE BAYBEARS
07/08/2048
 
TOP OF THE 1ST
Pensacola Blue Wahoos batting - Pitching for Mobile BayBears : RHP John Capparelli
Pitching: RHP John Capparelli
Batting: RHB Sang-ton Pak 0-0: Ball
1-0: Ground out 4-3 (Groundball, 4, EV 98.1 MPH)
Batting: LHB Phil Lomax 0-0: Ground out 4-3 (Groundball, 4, EV 90.6 MPH)
Batting: RHB Tony Casas 0-0: Foul Ball, location: 2F
0-1: Swinging Strike
0-2: Strikes out swinging
Top of the 1st over - 0 runs, 0 hits, 0 errors, 0 left on base; Pensacola 0 - Mobile 0
BOTTOM OF THE 1ST
Mobile BayBears batting - Pitching for Pensacola Blue Wahoos : RHP Tim Bant
Pitching: RHP Tim Bant
Batting: RHB Carlos Ballesteros 0-0: Foul Ball, location: 2F
0-1: Ball
1-1: Ball
2-1: Ball
3-1: Base on Balls
Batting: LHB Koson Hirai 0-0: Ball
1-0: Ball
2-0: Ball
3-0: Called Strike
3-1: Fly out, F2 (Popup, 5SF, EV 75.0 MPH)
Batting: LHB Soo-yeon Kym 0-0: Ball
Carlos Ballesteros steals 2nd base
1-0: SINGLE (Groundball, 6S, EV 71.2 MPH) (infield hit)
Carlos Ballesteros to third
Batting: RHB Blake Beale 0-0: Ball
1-0: Ball
2-0: Called Strike
2-1: SINGLE (Groundball, 6MD, EV 109.4 MPH)
Carlos Ballesteros scores
Soo-yeon Kym to second
Batting: RHB Chris Bittner 0-0: Ball
1-0: Ball
2-0: Ball
3-0: Base on Balls
Soo-yeon Kym to third
Blake Beale to second
Batting: RHB Josh Burrows 0-0: Ball
1-0: Called Strike
1-1: Ball
2-1: Ball
3-1: Swinging Strike
3-2: Foul Ball, location: 2F
3-2: Fly out, F2 (Popup, 3SF, EV 84.4 MPH)
Batting: RHB Jeremy Adams 0-0: Ball
1-0: Fly out, F8 (Flyball, 8RXD, EV 87.5 MPH)
Bottom of the 1st over - 1 run, 2 hits, 0 errors, 3 left on base; Pensacola 0 - Mobile 1
TOP OF THE 2ND
Pensacola Blue Wahoos batting - Pitching for Mobile BayBears : RHP John Capparelli
Batting: RHB Dave Ruiz 0-0: Ball
1-0: Swinging Strike
1-1: Called Strike
1-2: Fly out, F8 (Flyball, 8RS, EV 88.8 MPH)
Batting: LHB Brian Snyder 0-0: Ball
1-0: Ball
2-0: Called Strike
2-1: Foul Ball, location: 2F
2-2: Ball
3-2: Ground out 4-3 (Groundball, 34, EV 84.4 MPH)
Batting: RHB Jordan Torres 0-0: Called Strike
0-1: Swinging Strike
0-2: Ball
1-2: Strikes out looking
Top of the 2nd over - 0 runs, 0 hits, 0 errors, 0 left on base; Pensacola 0 - Mobile 1
BOTTOM OF THE 2ND
Mobile BayBears batting - Pitching for Pensacola Blue Wahoos : RHP Tim Bant
Batting: RHB Franklin Villanueva 0-0: Foul Ball, location: 2F
0-1: Foul Ball, location: 2F
0-2: Ball
1-2: Ball
2-2: Ground out 6-3 (Groundball, 6, EV 100.6 MPH)
Batting: RHB Curt Barrett 0-0: Ball
1-0: Ground out 5-3 (Groundball, 56, EV 86.9 MPH)
Batting: RHB Carlos Ballesteros 0-0: Called Strike
0-1: Ball
1-1: Foul Ball, location: 2F
1-2: Ground out 4-3 (Groundball, 4, EV 101.9 MPH)
Bottom of the 2nd over - 0 runs, 0 hits, 0 errors, 0 left on base; Pensacola 0 - Mobile 1
TOP OF THE 3RD
Pensacola Blue Wahoos batting - Pitching for Mobile BayBears : RHP John Capparelli
Batting: RHB Matt Silva 0-0: Ball
1-0: Foul Ball, location: 2F
1-1: Ground out 6-3 (Groundball, 6, EV 83.1 MPH)
Batting: RHB Pat Mage 0-0: Ground out 4-3 (Groundball, 4M, EV 86.9 MPH)
Batting: RHB Joe Kooyers 0-0: Called Strike
0-1: Foul Ball, location: 2F
0-2: Ball
1-2: Foul Ball, location: 2F
1-2: Strikes out swinging
Top of the 3rd over - 0 runs, 0 hits, 0 errors, 0 left on base; Pensacola 0 - Mobile 1
BOTTOM OF THE 3RD
Mobile BayBears batting - Pitching for Pensacola Blue Wahoos : RHP Tim Bant
Batting: LHB Koson Hirai 0-0: Called Strike
0-1: Foul Ball, location: 2F
0-2: Foul Ball, location: 2F
0-2: Strikes out swinging
Batting: LHB Soo-yeon Kym 0-0: Called Strike
0-1: Ball
1-1: SINGLE (Groundball, 56D, EV 110.0 MPH)
Batting: RHB Blake Beale 0-0: Grounds into double play, 5-4-3 (Groundball, 56S, EV 85.0 MPH)
Bottom of the 3rd over - 0 runs, 1 hit, 0 errors, 0 left on base; Pensacola 0 - Mobile 1
TOP OF THE 4TH
Pensacola Blue Wahoos batting - Pitching for Mobile BayBears : RHP John Capparelli
Batting: RHB Sang-ton Pak 0-0: Ball
1-0: Ball
2-0: Called Strike
2-1: Ball
3-1: Ground out 3-1 (Groundball, 34S, EV 83.8 MPH)
Batting: LHB Phil Lomax 0-0: SINGLE (Line Drive, 7S, EV 93.8 MPH)
Batting: RHB Tony Casas 0-0: Foul Ball, location: 2F
0-1: Called Strike
0-2: Strikes out swinging
Phil Lomax is caught stealing 2nd base 2-4
Batter strikes out.
Top of the 4th over - 0 runs, 1 hit, 0 errors, 0 left on base; Pensacola 0 - Mobile 1
BOTTOM OF THE 4TH
Mobile BayBears batting - Pitching for Pensacola Blue Wahoos : RHP Tim Bant
Batting: RHB Chris Bittner 0-0: Ball
1-0: Ground out 6-3 (Groundball, 6, EV 88.1 MPH)
Batting: RHB Josh Burrows 0-0: Ball
1-0: Ball
2-0: Swinging Strike
2-1: SINGLE (Groundball, 56D, EV 98.1 MPH)
Batting: RHB Jeremy Adams 0-0: Ball
1-0: Foul Ball, location: 2F
1-1: Swinging Strike
1-2: Strikes out looking
Batting: RHB Franklin Villanueva 0-0: Ball
1-0: Foul Ball, location: 2F
Balk!
Josh Burrows to second
1-1: Ball
2-1: Foul Ball, location: 2F
2-2: Strikes out looking
Bottom of the 4th over - 0 runs, 1 hit, 0 errors, 1 left on base; Pensacola 0 - Mobile 1
TOP OF THE 5TH
Pensacola Blue Wahoos batting - Pitching for Mobile BayBears : RHP John Capparelli
Batting: RHB Dave Ruiz 0-0: Called Strike
0-1: Called Strike
0-2: Strikes out swinging
Batting: LHB Brian Snyder 0-0: Called Strike
0-1: Swinging Strike
0-2: Strikes out looking
Batting: RHB Jordan Torres 0-0: Ball
1-0: Ball
2-0: Ground out 3-1 (Groundball, 34, EV 106.9 MPH)
Top of the 5th over - 0 runs, 0 hits, 0 errors, 0 left on base; Pensacola 0 - Mobile 1
BOTTOM OF THE 5TH
Mobile BayBears batting - Pitching for Pensacola Blue Wahoos : RHP Tim Bant
Batting: RHB Curt Barrett 0-0: Ball
1-0: Swinging Strike
1-1: Foul Ball, location: 2F
1-2: Ball
2-2: Foul Ball, location: 2F
2-2: Ball
3-2: Fly out, F7 (Line Drive, 78M, EV 91.9 MPH)
Batting: RHB Carlos Ballesteros 0-0: Ball
1-0: Foul Ball, location: 2F
1-1: Called Strike
1-2: Fly out, F1 (Popup, P, EV 77.5 MPH)
Batting: LHB Koson Hirai 0-0: DOUBLE (Line Drive, 7LS, EV 102.5 MPH)
Batting: LHB Soo-yeon Kym 0-0: Ball
1-0: Foul Ball, location: 2F
1-1: SINGLE (Groundball, 34D, EV 101.2 MPH)
Koson Hirai to third
Runner from 3rd tries for Home, SAFE, throw by RF to home
Soo-yeon Kym to second
Batting: RHB Blake Beale 0-0: SINGLE (Groundball, 56S, EV 61.2 MPH) (infield hit)
Soo-yeon Kym to third
Batting: RHB Chris Bittner 0-0: Ball
1-0: Ball
2-0: Foul Ball, location: 2F
2-1: Ball
3-1: Fielders Choice at 2nd, 4-6 (Groundball, 6M, EV 90.0 MPH)
Bottom of the 5th over - 1 run, 3 hits, 0 errors, 2 left on base; Pensacola 0 - Mobile 2
TOP OF THE 6TH
Pensacola Blue Wahoos batting - Pitching for Mobile BayBears : RHP John Capparelli
Batting: RHB Matt Silva 0-0: Ground out 5-3 (Groundball, 5S, EV 89.4 MPH)
Batting: RHB Pat Mage 0-0: Ball
1-0: Ground out 1-3 (Groundball, 15S, EV 65.0 MPH)
Batting: RHB Joe Kooyers 0-0: Foul Ball, location: 2F
0-1: Swinging Strike
0-2: Ground out 4-3 (Groundball, 4, EV 80.0 MPH)
Top of the 6th over - 0 runs, 0 hits, 0 errors, 0 left on base; Pensacola 0 - Mobile 2
BOTTOM OF THE 6TH
Mobile BayBears batting - Pitching for Pensacola Blue Wahoos : RHP Tim Bant
Pitching: LHP Bob Hale
Batting: RHB Josh Burrows 0-0: Ball
1-0: Called Strike
1-1: Foul Ball, location: 2F
1-2: Strikes out swinging
Batting: RHB Jeremy Adams 0-0: Called Strike
0-1: Called Strike
0-2: Ball
1-2: Strikes out swinging
Batting: RHB Franklin Villanueva 0-0: Foul Ball, location: 2F
0-1: Swinging Strike
0-2: Ball
1-2: Foul Ball, location: 2F
1-2: Ball
2-2: Ball
3-2: Foul Ball, location: 2F
3-2: Foul Ball, location: 2F
3-2: Strikes out swinging
Bottom of the 6th over - 0 runs, 0 hits, 0 errors, 0 left on base; Pensacola 0 - Mobile 2
TOP OF THE 7TH
Pensacola Blue Wahoos batting - Pitching for Mobile BayBears : RHP John Capparelli
Batting: RHB Sang-ton Pak 0-0: Foul Ball, location: 2F
0-1: Called Strike
0-2: Ball
1-2: Fly out, F9 (Flyball, 9, EV 85.6 MPH)
Batting: LHB Phil Lomax 0-0: SINGLE (Groundball, 6MD, EV 103.1 MPH)
Batting: RHB Tony Casas 0-0: Grounds into double play, 6-4-3 (Groundball, 6, EV 91.9 MPH)
Top of the 7th over - 0 runs, 1 hit, 0 errors, 0 left on base; Pensacola 0 - Mobile 2
BOTTOM OF THE 7TH
Mobile BayBears batting - Pitching for Pensacola Blue Wahoos : LHP Bob Hale
Pitching: RHP Gilbert Paparelli
Batting: RHB Curt Barrett 0-0: Called Strike
0-1: Ground out 6-3 (Groundball, 6, EV 88.8 MPH)
Batting: RHB Carlos Ballesteros 0-0: Ball
1-0: Called Strike
1-1: Ball
2-1: Swinging Strike
2-2: Foul Ball, location: 2F
2-2: Ground out 5-3 (Groundball, 5, EV 101.9 MPH)
Batting: LHB Koson Hirai 0-0: Called Strike
0-1: Called Strike
0-2: Ball
1-2: Ball
2-2: Ball
3-2: Strikes out looking
Bottom of the 7th over - 0 runs, 0 hits, 0 errors, 0 left on base; Pensacola 0 - Mobile 2
TOP OF THE 8TH
Pensacola Blue Wahoos batting - Pitching for Mobile BayBears : RHP John Capparelli
Batting: RHB Dave Ruiz 0-0: Called Strike
0-1: Called Strike
0-2: Ball
1-2: Foul Ball, location: 2F
1-2: Fly out, F7 (Flyball, 78S, EV 78.8 MPH)
Batting: LHB Brian Snyder 0-0: Called Strike
0-1: Reached on error, E2 (Groundball, 2R, EV 65.0 MPH)
Batting: RHB Jordan Torres 0-0: Called Strike
0-1: Foul Ball, location: 2F
0-2: Ball
1-2: Ball
2-2: Strikes out swinging
Batting: RHB Matt Silva 0-0: Ball
1-0: Called Strike
1-1: Swinging Strike
1-2: Ball
2-2: Foul Ball, location: 2F
2-2: Ground out 6-3 (Groundball, 6, EV 81.2 MPH)
Top of the 8th over - 0 runs, 0 hits, 1 error, 1 left on base; Pensacola 0 - Mobile 2
BOTTOM OF THE 8TH
Mobile BayBears batting - Pitching for Pensacola Blue Wahoos : RHP Gilbert Paparelli
Batting: LHB Soo-yeon Kym 0-0: Ball
1-0: Called Strike
1-1: Ball
2-1: Ball
3-1: Ground out 6-3 (Groundball, 6S, EV 89.4 MPH)
Batting: RHB Blake Beale 0-0: Ball
1-0: Ball
2-0: Ground out 5-3 (Groundball, 5S, EV 73.8 MPH)
Batting: RHB Chris Bittner 0-0: Ball
1-0: Called Strike
1-1: Swinging Strike
1-2: Ball
2-2: Ball
3-2: DOUBLE (Flyball, 89D, EV 103.8 MPH)
Batting: RHB Josh Burrows 0-0: Swinging Strike
0-1: Foul Ball, location: 2F
0-2: Foul Ball, location: 2F
0-2: Ball
1-2: Foul Ball, location: 2F
1-2: Ball
2-2: Foul Ball, location: 2F
2-2: Strikes out swinging
Bottom of the 8th over - 0 runs, 1 hit, 0 errors, 1 left on base; Pensacola 0 - Mobile 2
TOP OF THE 9TH
Pensacola Blue Wahoos batting - Pitching for Mobile BayBears : RHP John Capparelli
Pitching: RHP Edwin Martinez
Now at 1B: T.J. Duvall
Now in RF: Paul Schreiber
Batting: RHB Pat Mage 0-0: Ball
1-0: Ground out 6-3 (Groundball, 6, EV 109.4 MPH)
Batting: RHB Joe Kooyers 0-0: Ball
1-0: Called Strike
1-1: Fly out, F8 (Flyball, 8RS, EV 84.4 MPH)
Batting: RHB Sang-ton Pak 0-0: Ball
1-0: Ball
2-0: Ball
3-0: Called Strike
3-1: Swinging Strike
3-2: Strikes out looking
Top of the 9th over - 0 runs, 0 hits, 0 errors, 0 left on base; Pensacola 0 - Mobile 2
Tuesday, March 28th , 2023 - OOTP Baseball 23.10 Build 110